TEX
SPRINGFIELD CARDINALS @ NORTHWEST ARKANSAS NATURALS
06/13/2099
 
TOP OF THE 1ST
Springfield Cardinals batting - Pitching for Northwest Arkansas Naturals : RHP Joaquin Huerta
Pitching: RHP Joaquin Huerta
Batting: RHB Michael Ray 0-0: Ball
1-0: Ball
2-0: Ground out 6-3 (Groundball, 6D, EV 102.5 MPH)
Batting: RHB Bob Lopez 0-0: Ball
1-0: Foul Ball, location: 7LDF
1-1: Foul Ball, location: 9LSF
1-2: Ball
2-2: Fly out, F9 (Flyball, 9D, EV 109.4 MPH)
Batting: SHB Matt Gordon 0-0: Ball
1-0: Ground out 4-3 (Groundball, 4, EV 84.4 MPH)
Top of the 1st over - 0 runs, 0 hits, 0 errors, 0 left on base; Springfield 0 - Northwest Arkansas 0
BOTTOM OF THE 1ST
Northwest Arkansas Naturals batting - Pitching for Springfield Cardinals : RHP Micah Blanton
Pitching: RHP Micah Blanton
Batting: RHB Austin Penland 0-0: Ball
1-0: Ground out 6-3 (Groundball, 6, EV 83.8 MPH)
Batting: RHB Sam Gilpin 0-0: Ball
1-0: Called Strike
1-1: Ball
2-1: Ball
3-1: Called Strike
3-2: Base on Balls
Batting: LHB Daniel Pinedo 0-0: Called Strike
0-1: Ball
1-1: Fly out, F7 (Flyball, 7D, EV 98.1 MPH)
Batting: RHB Justin Kilp 0-0: Ball
1-0: Ball
2-0: Ball
3-0: Called Strike
3-1: Base on Balls
Sam Gilpin to second
Batting: RHB Joe Austin 0-0: Swinging Strike
0-1: DOUBLE (Line Drive, 78XD, EV 104.4 MPH)
Sam Gilpin scores
Justin Kilp to third
Runner from 3rd tries for Home, SAFE, no throw by CF
Batting: LHB Ken Campbell 0-0: Ball
1-0: Ball
2-0: Foul Ball, location: 9LSF
2-1: Called Strike
2-2: Ground out U3 (Groundball, 34, EV 107.5 MPH)
Bottom of the 1st over - 2 runs, 1 hit, 0 errors, 1 left on base; Springfield 0 - Northwest Arkansas 2
TOP OF THE 2ND
Springfield Cardinals batting - Pitching for Northwest Arkansas Naturals : RHP Joaquin Huerta
Batting: LHB Sean Jensen 0-0: Called Strike
0-1: Foul Ball, location: 2F
0-2: Ball
1-2: Foul Ball, location: 2F
1-2: Strikes out looking
Batting: RHB John Johansen 0-0: Foul Ball, location: 2F
0-1: Ground out 5-3 (Groundball, 56, EV 81.9 MPH)
Batting: RHB Ray Scott 0-0: Ball
1-0: Ball
2-0: Foul Ball, location: 3FF
2-1: Ball
3-1: SINGLE (Groundball, 4MD, EV 98.1 MPH)
Batting: RHB Sansan Loureiro 0-0: SINGLE (Groundball, 34D, EV 106.3 MPH)
Ray Scott to second
Runner from 2nd tries for 3rd, SAFE, throw by RF made to third
Batting: RHB Rick Novak 0-0: Foul Ball, location: 9LSF
0-1: Ball
1-1: Foul Ball, location: 2F
1-2: Ball
2-2: Ball
3-2: Fly out, F5 (Line Drive, 5, EV 61.9 MPH)
Top of the 2nd over - 0 runs, 2 hits, 0 errors, 2 left on base; Springfield 0 - Northwest Arkansas 2
BOTTOM OF THE 2ND
Northwest Arkansas Naturals batting - Pitching for Springfield Cardinals : RHP Micah Blanton
Batting: RHB Prímio Boucinho 0-0: Fly out, F7 (Line Drive, 78M, EV 108.1 MPH)
Batting: LHB Dan Jackson 0-0: Called Strike
0-1: Ball
1-1: Foul Ball, location: 2F
1-2: Ball
2-2: Strikes out swinging
Batting: RHB Hector Acosta 0-0: Called Strike
0-1: Foul Ball, location: 9LMF
0-2: Ball
1-2: Ball
2-2: Foul Ball, location: 25F
2-2: Ball
3-2: Ground out 3-1 (Groundball, 34, EV 104.4 MPH)
Bottom of the 2nd over - 0 runs, 0 hits, 0 errors, 0 left on base; Springfield 0 - Northwest Arkansas 2
TOP OF THE 3RD
Springfield Cardinals batting - Pitching for Northwest Arkansas Naturals : RHP Joaquin Huerta
Batting: SHB Dave Verge 0-0: Ball
1-0: Swinging Strike
1-1: Foul Ball, location: 23F
1-2: Strikes out swinging
Batting: RHB Michael Ray 0-0: Ball
1-0: Ball
2-0: Called Strike
2-1: Fly out, F9 (Flyball, 9D, EV 92.5 MPH)
Batting: RHB Bob Lopez 0-0: Ball
1-0: Ball
2-0: SINGLE (Line Drive, 9S, EV 108.8 MPH)
Batting: SHB Matt Gordon 0-0: Ball
1-0: Swinging Strike
1-1: Foul Ball, location: 3F
1-2: Strikes out looking
Top of the 3rd over - 0 runs, 1 hit, 0 errors, 1 left on base; Springfield 0 - Northwest Arkansas 2
BOTTOM OF THE 3RD
Northwest Arkansas Naturals batting - Pitching for Springfield Cardinals : RHP Micah Blanton
Batting: RHB Austin Penland 0-0: Ball
1-0: Swinging Strike
1-1: Swinging Strike
1-2: DOUBLE (Line Drive, 78XD, EV 103.8 MPH)
Batting: RHB Sam Gilpin 0-0: Foul Ball, location: 2F
0-1: Called Strike
0-2: Ground out 6-3 (Groundball, 6S, EV 80.0 MPH)
Austin Penland to third
Batting: LHB Daniel Pinedo 0-0: Ball
1-0: SINGLE (Flyball, 7, EV 86.3 MPH)
Austin Penland scores
Batting: RHB Justin Kilp 0-0: Ball
1-0: SINGLE (Groundball, 6MD, EV 95.0 MPH)
Daniel Pinedo to second
Runner from 2nd tries for 3rd, SAFE, throw by CF made to third
Batting: RHB Joe Austin 0-0: Ball
1-0: Foul Ball, location: 3DF
1-1: Grounds into double play, 5-4-3 (Groundball, 56, EV 86.3 MPH)
Bottom of the 3rd over - 1 run, 3 hits, 0 errors, 1 left on base; Springfield 0 - Northwest Arkansas 3
TOP OF THE 4TH
Springfield Cardinals batting - Pitching for Northwest Arkansas Naturals : RHP Joaquin Huerta
Batting: LHB Sean Jensen 0-0: Called Strike
0-1: Called Strike
0-2: Fly out, F9 (Flyball, 89S, EV 91.9 MPH)
Batting: RHB John Johansen 0-0: Swinging Strike
0-1: Ball
1-1: Foul Ball, location: 5F
1-2: Ball
2-2: Strikes out looking
Batting: RHB Ray Scott 0-0: Called Strike
0-1: Ball
1-1: Ball
2-1: Ball
3-1: Base on Balls
Batting: RHB Sansan Loureiro 0-0: Called Strike
0-1: Ball
1-1: Ball
2-1: 2-RUN HOME RUN (Flyball, 9D, EV 98.1 MPH), Distance : 394 ft
Batting: RHB Rick Novak 0-0: Ball
1-0: Called Strike
1-1: Foul Ball, location: 2F
1-2: Ball
2-2: Strikes out swinging
Top of the 4th over - 2 runs, 1 hit, 0 errors, 0 left on base; Springfield 2 - Northwest Arkansas 3
BOTTOM OF THE 4TH
Northwest Arkansas Naturals batting - Pitching for Springfield Cardinals : RHP Micah Blanton
Batting: LHB Ken Campbell 0-0: Ball
1-0: Called Strike
1-1: Ball
2-1: Called Strike
2-2: Ball
3-2: Strikes out swinging
Batting: RHB Prímio Boucinho 0-0: TRIPLE (Flyball, 89XD, EV 97.5 MPH)
Batting: LHB Dan Jackson 0-0: Ball
1-0: Ball
2-0: SINGLE (Line Drive, 9S, EV 93.8 MPH)
Prímio Boucinho scores
Batting: RHB Hector Acosta 0-0: Ball
1-0: Swinging Strike
1-1: Called Strike
1-2: Grounds into double play, 5-4-3 (Groundball, 56, EV 84.4 MPH)
Bottom of the 4th over - 1 run, 2 hits, 0 errors, 0 left on base; Springfield 2 - Northwest Arkansas 4
TOP OF THE 5TH
Springfield Cardinals batting - Pitching for Northwest Arkansas Naturals : RHP Joaquin Huerta
Batting: SHB Dave Verge 0-0: Ball
1-0: Fly out, F4 (Popup, 4D, EV 75.0 MPH)
Batting: RHB Michael Ray 0-0: Ball
1-0: Foul Ball, location: 3F
1-1: Foul Ball, location: 2F
1-2: Ball
2-2: Strikes out swinging
Batting: RHB Bob Lopez 0-0: Ball
1-0: Called Strike
1-1: Ball
2-1: Foul Ball, location: 2F
2-2: Ground out 6-3 (Groundball, 56D, EV 111.3 MPH)
Top of the 5th over - 0 runs, 0 hits, 0 errors, 0 left on base; Springfield 2 - Northwest Arkansas 4
BOTTOM OF THE 5TH
Northwest Arkansas Naturals batting - Pitching for Springfield Cardinals : RHP Micah Blanton
Batting: RHB Austin Penland 0-0: SINGLE (Line Drive, 8LS, EV 110.6 MPH)
Batting: RHB Sam Gilpin 0-0: Called Strike
Austin Penland steals 2nd base
0-1: Ball
1-1: SINGLE (Line Drive, 7S, EV 109.4 MPH)
Austin Penland to third
Batting: LHB Daniel Pinedo 0-0: Called Strike
0-1: Swinging Strike
0-2: Foul Ball, location: 2F
0-2: Foul Ball, location: 7LSF
0-2: Fly out, F6 (Popup, 4MD, EV 65.6 MPH)
Batting: RHB Justin Kilp 0-0: Ball
1-0: Called Strike
1-1: Called Strike
1-2: Strikes out swinging
Batting: RHB Joe Austin 0-0: Ball
1-0: Ball
2-0: Foul Ball, location: 2F
2-1: Fly out, F8 (Flyball, 8RD, EV 91.9 MPH)
Bottom of the 5th over - 0 runs, 2 hits, 0 errors, 2 left on base; Springfield 2 - Northwest Arkansas 4
TOP OF THE 6TH
Springfield Cardinals batting - Pitching for Northwest Arkansas Naturals : RHP Joaquin Huerta
Batting: SHB Matt Gordon 0-0: Called Strike
0-1: Ground out 3-1 (Groundball, 34S, EV 80.6 MPH)
Batting: LHB Sean Jensen 0-0: Ball
1-0: Ground out 6-3 (Groundball, 4M, EV 98.1 MPH)
Batting: RHB John Johansen 0-0: Foul Ball, location: 23FF
0-1: Swinging Strike
0-2: Ball
1-2: Foul Ball, location: 2F
1-2: Fly out, F5 (Popup, 15, EV 77.5 MPH)
Top of the 6th over - 0 runs, 0 hits, 0 errors, 0 left on base; Springfield 2 - Northwest Arkansas 4
BOTTOM OF THE 6TH
Northwest Arkansas Naturals batting - Pitching for Springfield Cardinals : RHP Micah Blanton
Batting: LHB Ken Campbell 0-0: Called Strike
0-1: Ball
1-1: Ball
2-1: Ground out 4-3 (Groundball, 4, EV 88.1 MPH)
Batting: RHB Prímio Boucinho 0-0: Ball
1-0: Ball
2-0: Foul Ball, location: 2F
2-1: Ball
3-1: Called Strike
3-2: Ground out 6-3 (Groundball, 6M, EV 109.4 MPH)
Batting: LHB Dan Jackson 0-0: Fly out, F7 (Flyball, 78S, EV 88.8 MPH)
Bottom of the 6th over - 0 runs, 0 hits, 0 errors, 0 left on base; Springfield 2 - Northwest Arkansas 4
TOP OF THE 7TH
Springfield Cardinals batting - Pitching for Northwest Arkansas Naturals : RHP Joaquin Huerta
Batting: RHB Ray Scott 0-0: Ball
1-0: Ball
2-0: Swinging Strike
2-1: Fly out, F6 (Line Drive, 6, EV 72.5 MPH)
Batting: RHB Sansan Loureiro 0-0: Ball
1-0: Called Strike
1-1: SINGLE (Line Drive, 7LS, EV 88.1 MPH)
Pinch Hitting: RHB Mike Sterken 0-0: DOUBLE (Line Drive, 7LM, EV 104.4 MPH)
Sansan Loureiro to third
Batting: SHB Dave Verge 0-0: Ball
1-0: Called Strike
1-1: Fly out, F3 (Popup, 3S, EV 85.0 MPH)
Pinch Hitting: LHB Josh Crawford 0-0: Ball
1-0: Ball
Wild Pitch!
Sansan Loureiro scores
Mike Sterken to third
2-0: Called Strike
2-1: Foul Ball, location: 3F
2-2: Foul Ball, location: 7LSF
2-2: Ball
3-2: Foul Ball, location: 2F
3-2: DOUBLE (Flyball, 8LXD, EV 111.3 MPH)
Mike Sterken scores
Batting: RHB Bob Lopez 0-0: Ball
1-0: Foul Ball, location: 3SF
1-1: Called Strike
1-2: Foul Ball, location: 2F
1-2: Ground out 5-3 (Groundball, 56, EV 82.5 MPH)
Top of the 7th over - 2 runs, 3 hits, 0 errors, 1 left on base; Springfield 4 - Northwest Arkansas 4
BOTTOM OF THE 7TH
Northwest Arkansas Naturals batting - Pitching for Springfield Cardinals : RHP Micah Blanton
Now at 2B: Carlos Canto
Now at SS: Ray Scott
Now in CF: Gabriel Galindo
Batting: RHB Hector Acosta 0-0: Called Strike
0-1: Foul Ball, location: 9LMF
0-2: Strikes out looking
Batting: RHB Austin Penland 0-0: Foul Ball, location: 5F
0-1: Ball
1-1: Fly out, F4 (Popup, 4S, EV 70.0 MPH)
Batting: RHB Sam Gilpin 0-0: Ball
1-0: Ball
2-0: SINGLE (Groundball, 34D, EV 95.0 MPH)
Batting: LHB Daniel Pinedo 0-0: Ball
1-0: Foul Ball, location: 7LDF
1-1: Ball
2-1: Foul Ball, location: 7LMF
2-2: Ball
3-2: Base on Balls
Sam Gilpin to second
Batting: RHB Justin Kilp 0-0: 3-RUN HOME RUN (Flyball, 89XD, EV 113.1 MPH), Distance : 443 ft
Pitching: RHP Calvin Carter
Batting: RHB Joe Austin 0-0: Foul Ball, location: 9LSF
0-1: Ball
1-1: Fly out, F8 (Flyball, 78M, EV 95.0 MPH)
Bottom of the 7th over - 3 runs, 2 hits, 0 errors, 0 left on base; Springfield 4 - Northwest Arkansas 7
TOP OF THE 8TH
Springfield Cardinals batting - Pitching for Northwest Arkansas Naturals : RHP Joaquin Huerta
Pitching: RHP Andrew Gibbs
Batting: SHB Matt Gordon 0-0: Foul Ball, location: 2F
0-1: Ball
1-1: Called Strike
1-2: Ball
2-2: Foul Ball, location: 3SF
2-2: Ball
3-2: Fly out, F9 (Flyball, 9, EV 75.6 MPH)
Pitching: LHP Frank Breeden
Pinch Hitting: RHB Aaron Rossiter 0-0: Ball
1-0: Fly out, F8 (Flyball, 8LD, EV 97.5 MPH)
Pitching: LHP Kyle Adams
Batting: RHB John Johansen 0-0: Ball
1-0: Ground out 4-3 (Groundball, 34D, EV 106.3 MPH)
Top of the 8th over - 0 runs, 0 hits, 0 errors, 0 left on base; Springfield 4 - Northwest Arkansas 7
BOTTOM OF THE 8TH
Northwest Arkansas Naturals batting - Pitching for Springfield Cardinals : RHP Calvin Carter
Now in RF: Aaron Rossiter
Batting: LHB Ken Campbell 0-0: Ball
1-0: Fly out, F5 (Popup, 56, EV 81.3 MPH)
Batting: RHB Prímio Boucinho 0-0: Ball
1-0: Swinging Strike
1-1: Foul Ball, location: 3FF
1-2: Strikes out looking
Batting: LHB Dan Jackson 0-0: Ball
1-0: Called Strike
1-1: Swinging Strike
1-2: Strikes out swinging
Bottom of the 8th over - 0 runs, 0 hits, 0 errors, 0 left on base; Springfield 4 - Northwest Arkansas 7
TOP OF THE 9TH
Springfield Cardinals batting - Pitching for Northwest Arkansas Naturals : LHP Kyle Adams
Batting: RHB Ray Scott 0-0: Ball
1-0: Fly out, F9 (Flyball, 9LM, EV 83.1 MPH)
Batting: RHB Sansan Loureiro 0-0: Ball
1-0: Ball
2-0: Called Strike
2-1: Ball
3-1: Foul Ball, location: 2F
3-2: Strikes out swinging
Batting: RHB Carlos Canto 0-0: Ball
1-0: Ball
2-0: SOLO HOME RUN (Line Drive, 7D, EV 98.1 MPH), Distance : 398 ft
Pitching: RHP Ronnie Doyle
Now at 1B: Eric Young
Batting: SHB Dave Verge 0-0: Swinging Strike
0-1: Swinging Strike
0-2: Foul Ball, location: 5SF
0-2: Ball
1-2: Ball
2-2: Strikes out swinging
Top of the 9th over - 1 run, 1 hit, 0 errors, 0 left on base; Springfield 5 - Northwest Arkansas 7
Thursday, May 9th , 2024 - OOTP Baseball 24.11 Build 85